Penguins vs Blues
(R1)
Created - 16 mai 2016 at 22:04
Goals
|
| Penguins |
0 |
1 |
0 |
1 |
| Blues |
1 |
0 |
2 |
3 |
|
Shots
|
| Penguins |
12 |
6 |
12 |
30 |
| Blues |
9 |
7 |
14 |
30 |
|
1st period
1. Blues , Joe Pavelski 5 (Nik Antropov) at 9:53
Penalties :
Lee Stempniak (STL) for Hooking (Minor) at 2:03, Duncan Keith (Pit) for High sticking (Minor) at 6:11, Duncan Keith (Pit) for Roughing (Minor) at 11:54
2nd period
2. Penguins , Oleg Kvasha 2 (Steve Sullivan, Simon Gagné) at 4:27
Penalties :
Nik Antropov (STL) for Slashing (Minor) at 2:22, Bobby Ryan (Pit) for Interference (Minor) at 10:36, Bryce Lampman (STL) for Tripping (Minor) at 15:41
3rd period
3. Blues , Nicklas Backstrom 3 (Darren Reid, Alex Pietrangelo) at 6:11
4. Blues , Bryce Lampman 2 (Joe Pavelski, David Perron) at 12:10
Penalties :
Darren Reid (STL) for Tripping (Minor) at 3:58, Brooks Orpik (Pit) for Holding (Minor) at 18:12
Goalie Stats
Brian Elliott (Pit), 27 saves from 30 shots - (0,900), L, 5-1-1, 60:00 minutes
Tuukka Rask (STL), 29 saves from 30 shots - (0,967), W, 6-4-0, 60:00 minutes
Players Stats for Penguins
Player Name G A P +/- PIM S H SB GA TA FO MP PP MP PK MP
------------------------------------------------------------------------------------
Bobby Ryan 0 0 0 0 2 2 1 0 0 0 1/1 17:16 3:33 1:40
Brendan Smith 0 0 0 1 0 0 0 1 0 0 0/0 12:24 0:00 2:25
Brian McGrattan 0 0 0 0 0 0 3 0 0 0 0/0 5:56 0:00 0:00
Brooks Orpik 0 0 0 -3 2 1 0 0 1 0 0/0 20:46 3:05 2:43
David Jones 0 0 0 0 0 0 0 0 0 0 0/0 11:26 0:00 0:00
Denis Arkhipov 0 0 0 0 0 1 1 0 0 0 1/2 6:43 0:00 0:47
Dion Phaneuf 0 0 0 0 0 1 3 1 2 2 0/0 28:38 4:51 4:25
Duncan Keith 0 0 0 -3 4 2 1 0 0 1 0/0 19:53 3:05 1:30
Dustin Penner 0 0 0 0 0 2 1 0 0 0 1/2 17:20 3:33 1:43
Ladislav Nagy 0 0 0 0 0 0 1 0 0 0 0/0 6:08 0:00 0:12
Nathan Horton 0 0 0 -2 0 4 0 0 1 1 1/2 21:43 4:23 2:42
Oleg Kvasha 1 0 1 0 0 2 1 0 1 0 2/6 11:26 0:00 0:00
Paul Ranger 0 0 0 1 0 0 0 0 1 1 0/0 9:59 0:00 0:00
Ryan Kesler 0 0 0 -2 0 5 0 1 1 1 26/43 23:32 4:23 4:15
Sean Zimmerman 0 0 0 0 0 2 1 1 1 0 0/0 28:38 4:51 4:25
Simon Gagné 0 1 1 -2 0 2 2 0 0 1 0/1 23:26 4:23 4:09
Steve Sullivan 0 1 1 0 0 2 0 0 0 0 1/1 11:26 0:00 0:00
Steven Stamkos 0 0 0 0 0 4 0 1 0 0 6/11 15:32 3:33 0:00
Players Stats for Blues
Player Name G A P +/- PIM S H SB GA TA FO MP PP MP PK MP
------------------------------------------------------------------------------------
Alex Pietrangelo 0 1 1 1 0 3 1 2 1 0 0/0 28:05 3:41 4:20
Bryce Lampman 1 0 1 1 2 1 1 0 0 0 0/0 20:13 0:00 3:35
Cody Franson 0 0 0 1 0 0 0 0 1 1 0/0 14:07 4:03 0:50
Darren Reid 0 1 1 1 2 2 3 2 0 0 0/0 16:41 3:47 0:00
David Perron 0 1 1 1 0 3 0 0 1 0 1/2 19:37 3:57 0:16
Drew Fata 0 0 0 0 0 1 1 0 0 0 0/0 18:21 0:00 3:19
Guillaume Latendresse 0 0 0 1 0 1 0 1 1 0 0/2 14:22 0:00 1:19
Jake Gardiner 0 0 0 0 0 1 0 1 0 1 0/0 21:08 3:41 0:29
Joe Pavelski 1 1 2 2 0 3 0 0 2 1 2/2 19:15 3:57 0:00
Kevin Porter 0 0 0 0 0 0 1 0 0 0 1/3 6:58 0:00 0:13
Lasse Kukkonen 0 0 0 1 0 0 0 1 0 1 0/0 18:18 4:03 3:19
Lee Stempniak 0 0 0 0 2 0 2 0 0 0 0/0 6:44 0:00 0:00
Nicklas Backstrom 1 0 1 1 0 8 1 0 0 0 7/13 17:43 3:47 1:05
Nik Antropov 0 1 1 1 2 2 3 2 1 1 16/37 22:51 3:57 3:27
Paul Kariya 0 0 0 0 0 0 2 1 0 0 0/1 12:38 3:47 0:00
Sergei Shirokov 0 0 0 -1 0 2 1 0 0 1 1/2 12:33 0:00 3:11
Taylor Pyatt 0 0 0 0 0 2 1 1 0 0 0/0 11:12 0:00 4:23
Tyler Arnason 0 0 0 0 0 1 1 1 0 2 2/7 11:14 0:00 1:58
3 Stars
1 - Joe Pavelski (STL)
2 - Tuukka Rask (STL)
3 - Nicklas Backstrom (STL)
Power Play
Penguins - 0 on 4 Attempt(s) - 0,00%
Blues - 0 on 4 Attempt(s) - 0,00%
Penalty Kill
Penguins - 4 on 4 Attempt(s) - 100,00%
- Score 0 goal in Penalty Kill
Blues - 4 on 4 Attempt(s) - 100,00%
- Score 0 goal in Penalty Kill
Team Stat
Penguins - Hits : 15 - Faceoff Wins : 39 - Blocked Shots : 5 - Penalty Minutes : 8
Blues - Hits : 18 - Faceoff Wins : 30 - Blocked Shots : 12 - Penalty Minutes : 8
Official
Referees : McCauley Wes and Watson Brad
Linesman : Brad Kovachik and Steve Miller
Game Notes
No Game Note
Finance
Level 1 -- Attendance: 6000 (100,00%) -- Ticket Income 504 000 $
Level 2 -- Attendance: 5000 (100,00%) -- Ticket Income 260 000 $
Level 3 -- Attendance: 2000 (100,00%) -- Ticket Income 60 000 $
Level 4 -- Attendance: 4000 (100,00%) -- Ticket Income 76 000 $
Luxury Box -- Attendance: 1000 (100,00%) -- Ticket Income 169 000 $
Game was played at the Scotttrade center.
Total Attendance: 18000 (100,00%)
Total Ticket Income: 1 069 000 $
Other Income: 160 350 $
Total Income: 1 229 350 $
Penguins
5 vs 5 Forward
Center Left Wing Right Wing Time % Phy DF OF
1 Ryan Kesler Simon Gagné Nathan Horton 40 0 2 3
2 Steven Stamkos Dustin Penner Bobby Ryan 30 0 2 3
3 Oleg Kvasha Steve Sullivan David Jones 20 0 2 3
4 Denis Arkhipov Ladislav Nagy Brian McGrattan 10 0 2 3
5 vs 5 Defense
Defense Defense Time % Phy DF OF
1 Sean Zimmerman Dion Phaneuf 40 1 2 2
2 Brooks Orpik Duncan Keith 30 1 2 2
3 Paul Ranger Brendan Smith 20 1 2 2
4 Sean Zimmerman Dion Phaneuf 10 1 2 2
PowerPlay Forward
Center Left Wing Right Wing Time % Phy DF OF
1 Ryan Kesler Simon Gagné Nathan Horton 60 0 1 4
2 Steven Stamkos Dustin Penner Bobby Ryan 40 0 1 4
PowerPlay Defense
Defense Defense Time % Phy DF OF
1 Sean Zimmerman Dion Phaneuf 60 0 2 3
2 Brooks Orpik Duncan Keith 40 0 2 3
Penalty Kill 4 Players Forward
Center Wing Time % Phy DF OF
1 Ryan Kesler Simon Gagné 60 0 4 1
2 Nathan Horton Bobby Ryan 40 0 4 1
Penalty Kill 4 Players Defense
Defense Defense Time % Phy DF OF
1 Sean Zimmerman Dion Phaneuf 60 1 4 0
2 Brooks Orpik Duncan Keith 40 1 4 0
Penalty Kill - 3 Players Forward
Forward Time % Phy DF OF
1 Ryan Kesler 60 0 4 1
2 Simon Gagné 40 0 4 1
Penalty Kill - 3 Players Defense
Defense Defense Time % Phy DF OF
1 Sean Zimmerman Dion Phaneuf 60 1 4 0
2 Brooks Orpik Duncan Keith 40 1 4 0
4 vs 4 Forward
Center Wing Time % Phy DF OF
1 Ryan Kesler Simon Gagné 60 0 2 3
2 Nathan Horton Bobby Ryan 40 0 2 3
4 vs 4 Defense
Defense Defense Time % Phy DF OF
1 Sean Zimmerman Dion Phaneuf 60 1 2 2
2 Brooks Orpik Duncan Keith 40 1 2 2
Last Minutes Offensive
Center Left Wing Right Wing Defense Defense
Ryan Kesler Simon Gagné Nathan Horton Sean Zimmerman Dion Phaneuf
Last Minutes Defensive
Center Left Wing Right Wing Defense Defense
Ryan Kesler Simon Gagné Nathan Horton Sean Zimmerman Dion Phaneuf
Goaltenders
Starting : Brian Elliott
Backup : Josh Tordjman
Extra Forwards
Normal : Steven Stamkos, Ryan Kesler, Oleg Kvasha - PP : Steven Stamkos, Ryan Kesler - PK : Nathan Horton
Extra Defensemen
Normal : Dion Phaneuf, Duncan Keith, Brendan Smith - PP : Brendan Smith - PK : Dion Phaneuf, Duncan Keith
Penalty Shots
Ryan Kesler, Simon Gagné, Nathan Horton, Bobby Ryan, Dustin Penner
Blues
5 vs 5 Forward
Center Left Wing Right Wing Time % Phy DF OF
1 Nik Antropov David Perron Joe Pavelski 40 1 2 2
2 Nicklas Backstrom Guillaume Latendresse Darren Reid 30 1 2 2
3 Tyler Arnason Paul Kariya Sergei Shirokov 20 1 2 2
4 Kevin Porter Taylor Pyatt Lee Stempniak 10 1 2 2
5 vs 5 Defense
Defense Defense Time % Phy DF OF
1 Bryce Lampman Alex Pietrangelo 40 1 2 2
2 Drew Fata Jake Gardiner 30 1 2 2
3 Lasse Kukkonen Cody Franson 20 1 2 2
4 Alex Pietrangelo Lasse Kukkonen 10 1 2 2
PowerPlay Forward
Center Left Wing Right Wing Time % Phy DF OF
1 Nik Antropov David Perron Joe Pavelski 60 1 2 2
2 Nicklas Backstrom Paul Kariya Darren Reid 40 1 2 2
PowerPlay Defense
Defense Defense Time % Phy DF OF
1 Jake Gardiner Alex Pietrangelo 60 1 2 2
2 Lasse Kukkonen Cody Franson 40 1 2 2
Penalty Kill 4 Players Forward
Center Wing Time % Phy DF OF
1 Nik Antropov Taylor Pyatt 60 1 2 2
2 Tyler Arnason Sergei Shirokov 40 1 2 2
Penalty Kill 4 Players Defense
Defense Defense Time % Phy DF OF
1 Bryce Lampman Alex Pietrangelo 60 1 2 2
2 Lasse Kukkonen Drew Fata 40 1 2 2
Penalty Kill - 3 Players Forward
Forward Time % Phy DF OF
1 Taylor Pyatt 60 1 2 2
2 Nik Antropov 40 1 2 2
Penalty Kill - 3 Players Defense
Defense Defense Time % Phy DF OF
1 Bryce Lampman Alex Pietrangelo 60 1 2 2
2 Lasse Kukkonen Drew Fata 40 1 2 2
4 vs 4 Forward
Center Wing Time % Phy DF OF
1 Nik Antropov David Perron 60 1 2 2
2 Nicklas Backstrom Joe Pavelski 40 1 2 2
4 vs 4 Defense
Defense Defense Time % Phy DF OF
1 Bryce Lampman Alex Pietrangelo 60 1 2 2
2 Lasse Kukkonen Jake Gardiner 40 1 2 2
Last Minutes Offensive
Center Left Wing Right Wing Defense Defense
Nik Antropov David Perron Joe Pavelski Jake Gardiner Alex Pietrangelo
Last Minutes Defensive
Center Left Wing Right Wing Defense Defense
Nik Antropov Guillaume Latendresse Joe Pavelski Bryce Lampman Drew Fata
Goaltenders
Starting : Tuukka Rask
Backup : Adam Munro
Extra Forwards
Normal : Nicklas Backstrom, David Perron, Sergei Shirokov - PP : Nicklas Backstrom, David Perron - PK : Sergei Shirokov
Extra Defensemen
Normal : Lasse Kukkonen, Drew Fata, Jake Gardiner - PP : Cody Franson - PK : Jake Gardiner, Cody Franson
Penalty Shots
Cody Franson, Nik Antropov, Paul Kariya, Joe Pavelski, Nicklas Backstrom
% Time on Ice - Penguins
Lines # - Real PCT - Wanted PCT - Time Play
Normal Forward
1 - 34% - 40% - 14:54
2 - 27% - 30% - 12:04
3 - 26% - 20% - 11:26
4 - 13% - 10% - 5:56
Normal Defense
1 - 41% - 40% - 18:13
2 - 34% - 30% - 14:59
3 - 23% - 20% - 9:59
4 - 3% - 10% - 1:09
PP Forward
1 - 55% - 60% - 4:23
2 - 45% - 40% - 3:33
PP Defense
1 - 61% - 60% - 4:51
2 - 39% - 40% - 3:05
PK Forward
1 - 72% - 60% - 5:32
2 - 28% - 40% - 2:12
PK Defense
1 - 57% - 60% - 4:25
2 - 43% - 40% - 3:19
PK3 Forward
1 - 0% - 60%
2 - 0% - 40%
PK3 Defense
1 - 0% - 60%
2 - 0% - 40%
44 Forward
1 - 0% - 60%
2 - 0% - 40%
44 Defense
1 - 0% - 60%
2 - 0% - 40%
Last Minute Offensive - 0:00
Last Minute Defensive - 0:00
Total
Forward - 60:00
Defense - 60:00
|
% Time on Ice - Blues
Lines # - Real PCT - Wanted PCT - Time Play
Normal Forward
1 - 35% - 40% - 15:28
2 - 29% - 30% - 13:04
3 - 20% - 20% - 9:03
4 - 15% - 10% - 6:45
Normal Defense
1 - 43% - 40% - 19:14
2 - 33% - 30% - 14:31
3 - 20% - 20% - 9:05
4 - 3% - 10% - 1:30
PP Forward
1 - 51% - 60% - 3:57
2 - 49% - 40% - 3:47
PP Defense
1 - 48% - 60% - 3:41
2 - 52% - 40% - 4:03
PK Forward
1 - 75% - 60% - 5:58
2 - 25% - 40% - 1:58
PK Defense
1 - 58% - 60% - 4:37
2 - 42% - 40% - 3:19
PK3 Forward
1 - 0% - 60%
2 - 0% - 40%
PK3 Defense
1 - 0% - 60%
2 - 0% - 40%
44 Forward
1 - 0% - 60%
2 - 0% - 40%
44 Defense
1 - 0% - 60%
2 - 0% - 40%
Last Minute Offensive - 0:00
Last Minute Defensive - 0:00
Total
Forward - 60:00
Defense - 60:00
|
Play by Play
1st period
0:01 of 1st period - Ryan Kesler wins face-off versus Nik Antropov in neutral zone.
0:03 of 1st period - Off-side.
0:04 of 1st period - Ryan Kesler wins face-off versus Nik Antropov in neutral zone.
0:09 of 1st period - Wrist shot by Ryan Kesler.
0:09 of 1st period - Shot Misses the Net.
0:41 of 1st period - Snap shot by Dustin Penner.
0:41 of 1st period - Stopped by Tuukka Rask without a rebound.
0:42 of 1st period - Tyler Arnason wins face-off versus Oleg Kvasha in Blues zone.
1:32 of 1st period - Slapshot by Dion Phaneuf.
1:32 of 1st period - Stopped by Tuukka Rask without a rebound.
1:33 of 1st period - Bobby Ryan wins face-off versus Nicklas Backstrom in Blues zone.
1:38 of 1st period - Snap shot by Bobby Ryan.
1:38 of 1st period - Stopped by Tuukka Rask without a rebound.
1:39 of 1st period - Steven Stamkos wins face-off versus Nicklas Backstrom in Blues zone.
1:46 of 1st period - Snap shot by Bobby Ryan.
1:46 of 1st period - Shot Misses the Net.
1:48 of 1st period - Wrist shot by Steven Stamkos.
1:48 of 1st period - Stopped by Tuukka Rask with a rebound.
1:50 of 1st period - Wrist shot by Bobby Ryan.
1:50 of 1st period - Shot Misses the Net.
1:52 of 1st period - Slapshot by Sean Zimmerman.
1:52 of 1st period - Deflect By Lasse Kukkonen.
1:52 of 1st period - Stopped by Tuukka Rask without a rebound.
1:53 of 1st period - Ryan Kesler wins face-off versus Kevin Porter in Blues zone.
2:03 of 1st period - Minor Penalty to Lee Stempniak for Hooking.
2:04 of 1st period - Ryan Kesler wins face-off versus Nik Antropov in Blues zone.
3:00 of 1st period - Icing by Duncan Keith.
3:01 of 1st period - Ryan Kesler wins face-off versus Nik Antropov in Penguins zone.
4:03 of 1st period - Penalty to Lee Stempniak is over, Lee Stempniak is back on ice.
4:50 of 1st period - Steven Stamkos is hit by Lee Stempniak and loses puck.
6:08 of 1st period - Wrist shot by Taylor Pyatt.
6:08 of 1st period - Stopped by Brian Elliott without a rebound.
6:09 of 1st period - Ryan Kesler wins face-off versus Tyler Arnason in Penguins zone.
6:11 of 1st period - Minor Penalty to Duncan Keith for High sticking.
6:12 of 1st period - Ryan Kesler wins face-off versus Nik Antropov in Penguins zone.
6:18 of 1st period - Icing by Cody Franson.
6:19 of 1st period - Nik Antropov wins face-off versus Ryan Kesler in Blues zone.
6:54 of 1st period - Slapshot by Nicklas Backstrom.
6:54 of 1st period - Stopped by Brian Elliott with a rebound.
7:31 of 1st period - Alex Pietrangelo is hit by Bobby Ryan.
8:11 of 1st period - Penalty to Duncan Keith is over, Duncan Keith is back on ice.
8:53 of 1st period - Backhand shot by Oleg Kvasha.
8:53 of 1st period - Stopped by Tuukka Rask with a rebound.
8:55 of 1st period - Snap shot by Sean Zimmerman.
8:55 of 1st period - Shot Blocked by Jake Gardiner.
8:57 of 1st period - Slapshot by Sean Zimmerman.
8:57 of 1st period - Shot Hit the Post.
8:59 of 1st period - Slapshot by Sean Zimmerman.
8:59 of 1st period - Stopped by Tuukka Rask with a rebound.
9:12 of 1st period - Icing by Jake Gardiner.
9:13 of 1st period - Kevin Porter wins face-off versus Ryan Kesler in Blues zone.
9:20 of 1st period - Snap shot by Taylor Pyatt.
9:20 of 1st period - Deflect By Lee Stempniak.
9:20 of 1st period - Shot Misses the Net.
9:20 of 1st period - Puck is out of play.
9:21 of 1st period - Nathan Horton wins face-off versus Nik Antropov in Penguins zone.
9:21 of 1st period - Nathan Horton is hit by Nik Antropov.
9:29 of 1st period - Slapshot by Duncan Keith.
9:29 of 1st period - Stopped by Tuukka Rask without a rebound.
9:30 of 1st period - Ryan Kesler wins face-off versus Nik Antropov in Blues zone.
9:51 of 1st period - Slapshot by Joe Pavelski.
9:51 of 1st period - Shot Blocked by Ryan Kesler.
9:53 of 1st period - Snap shot by Joe Pavelski.
9:53 of 1st period - Goal by Joe Pavelski - Penguins : 0 - Blues : 1.
9:54 of 1st period - Nik Antropov wins face-off versus Ryan Kesler in neutral zone.
10:19 of 1st period - Guillaume Latendresse is hit by Dion Phaneuf.
10:41 of 1st period - Paul Kariya is hit by Brian McGrattan and loses puck.
11:08 of 1st period - Slapshot by Nathan Horton.
11:08 of 1st period - Stopped by Tuukka Rask without a rebound.
11:09 of 1st period - Nik Antropov wins face-off versus Steven Stamkos in Blues zone.
11:54 of 1st period - Minor Penalty to Duncan Keith for Roughing.
11:55 of 1st period - Nik Antropov wins face-off versus Ryan Kesler in Penguins zone.
12:36 of 1st period - Nathan Horton is hit by Paul Kariya.
13:33 of 1st period - Icing by Alex Pietrangelo.
13:34 of 1st period - David Perron wins face-off versus Nathan Horton in Blues zone.
13:49 of 1st period - Lasse Kukkonen is hit by Simon Gagné and loses puck.
13:54 of 1st period - Penalty to Duncan Keith is over, Duncan Keith is back on ice.
14:09 of 1st period - Brendan Smith is hit by Lee Stempniak and loses puck.
14:14 of 1st period - Backhand shot by Taylor Pyatt.
14:14 of 1st period - Stopped by Brian Elliott without a rebound.
14:15 of 1st period - Nik Antropov wins face-off versus Steven Stamkos in Penguins zone.
15:13 of 1st period - Snap shot by Nicklas Backstrom.
15:13 of 1st period - Shot Misses the Net.
15:27 of 1st period - Slapshot by Alex Pietrangelo.
15:27 of 1st period - Stopped by Brian Elliott without a rebound.
15:28 of 1st period - Ryan Kesler wins face-off versus Nik Antropov in Penguins zone.
16:17 of 1st period - Sean Zimmerman is hit by Nik Antropov and loses puck.
16:30 of 1st period - Wrist shot by David Perron.
16:30 of 1st period - Deflect By Simon Gagné.
16:30 of 1st period - Stopped by Brian Elliott without a rebound.
16:31 of 1st period - Steven Stamkos wins face-off versus Nicklas Backstrom in Penguins zone.
16:44 of 1st period - Snap shot by Steven Stamkos.
16:44 of 1st period - Shot Misses the Net.
16:46 of 1st period - Slapshot by Brooks Orpik.
16:46 of 1st period - Shot Misses the Net.
16:48 of 1st period - Slapshot by Brooks Orpik.
16:48 of 1st period - Shot Hit the Post.
16:58 of 1st period - Brooks Orpik is hit by Tyler Arnason and loses puck.
17:27 of 1st period - Wrist shot by Denis Arkhipov.
17:27 of 1st period - Shot Blocked by Lasse Kukkonen.
17:29 of 1st period - Slapshot by Brooks Orpik.
17:29 of 1st period - Stopped by Tuukka Rask without a rebound.
17:30 of 1st period - Dustin Penner wins face-off versus Guillaume Latendresse in Blues zone.
18:00 of 1st period - Snap shot by David Jones.
18:00 of 1st period - Deflect By Steve Sullivan.
18:00 of 1st period - Shot Misses the Net.
18:00 of 1st period - Puck is out of play.
18:01 of 1st period - Oleg Kvasha wins face-off versus Tyler Arnason in Blues zone.
18:12 of 1st period - Backhand shot by Oleg Kvasha.
18:12 of 1st period - Shot Blocked by Tyler Arnason.
18:17 of 1st period - Icing by Paul Kariya.
18:18 of 1st period - Ryan Kesler wins face-off versus Tyler Arnason in Blues zone.
18:21 of 1st period - Backhand shot by Ryan Kesler.
18:21 of 1st period - Stopped by Tuukka Rask without a rebound.
18:22 of 1st period - Ryan Kesler wins face-off versus Nik Antropov in Blues zone.
18:33 of 1st period - Wrist shot by Ryan Kesler.
18:33 of 1st period - Stopped by Tuukka Rask with a rebound.
19:17 of 1st period - Snap shot by Nicklas Backstrom.
19:17 of 1st period - Stopped by Brian Elliott without a rebound.
19:18 of 1st period - Steven Stamkos wins face-off versus Nik Antropov in Penguins zone.
19:31 of 1st period - Slapshot by Bobby Ryan.
19:31 of 1st period - Shot Misses the Net.
19:47 of 1st period - Slapshot by Nicklas Backstrom.
19:47 of 1st period - Stopped by Brian Elliott with a rebound.
19:49 of 1st period - Snap shot by Darren Reid.
19:49 of 1st period - Stopped by Brian Elliott without a rebound.
19:50 of 1st period - Nicklas Backstrom wins face-off versus Oleg Kvasha in Penguins zone.
Goals for this period are 0 for Penguins vs 1 for Blues.
Shots for this period are 12 for Penguins vs 9 for Blues.
2nd period
0:01 of 2nd period - Joe Pavelski wins face-off versus Steven Stamkos in neutral zone.
0:26 of 2nd period - Simon Gagné is hit by Bryce Lampman and loses puck.
1:12 of 2nd period - Snap shot by David Perron.
1:12 of 2nd period - Shot Misses the Net.
1:28 of 2nd period - Brooks Orpik is hit by Taylor Pyatt and loses puck.
1:37 of 2nd period - Snap shot by Taylor Pyatt.
1:37 of 2nd period - Shot Misses the Net.
1:53 of 2nd period - Snap shot by Ryan Kesler.
1:53 of 2nd period - Shot Misses the Net.
2:11 of 2nd period - Slapshot by Brian McGrattan.
2:11 of 2nd period - Shot Blocked by Darren Reid.
2:19 of 2nd period - Slapshot by Brian McGrattan.
2:19 of 2nd period - Deflect By Ladislav Nagy.
2:19 of 2nd period - Shot Blocked by Guillaume Latendresse.
2:19 of 2nd period - Puck is out of play.
2:20 of 2nd period - Nik Antropov wins face-off versus Ryan Kesler in Blues zone.
2:22 of 2nd period - Minor Penalty to Nik Antropov for Slashing.
2:23 of 2nd period - Sergei Shirokov wins face-off versus Ryan Kesler in Blues zone.
2:37 of 2nd period - Snap shot by Nathan Horton.
2:37 of 2nd period - Shot Misses the Net.
2:39 of 2nd period - Snap shot by Sean Zimmerman.
2:39 of 2nd period - Shot Misses the Net.
4:12 of 2nd period - Dustin Penner is hit by Alex Pietrangelo and loses puck.
4:22 of 2nd period - Penalty to Nik Antropov is over, Nik Antropov is back on ice.
4:27 of 2nd period - Snap shot by Oleg Kvasha.
4:27 of 2nd period - Goal by Oleg Kvasha - Penguins : 1 - Blues : 1.
4:28 of 2nd period - Ryan Kesler wins face-off versus Nik Antropov in neutral zone.
4:39 of 2nd period - Snap shot by Simon Gagné.
4:39 of 2nd period - Shot Hit the Post.
4:41 of 2nd period - Snap shot by Duncan Keith.
4:41 of 2nd period - Stopped by Tuukka Rask without a rebound.
4:42 of 2nd period - Nik Antropov wins face-off versus Steven Stamkos in Blues zone.
5:08 of 2nd period - Ryan Kesler is hit by Darren Reid and loses puck.
5:19 of 2nd period - Wrist shot by Guillaume Latendresse.
5:19 of 2nd period - Shot Misses the Net.
5:30 of 2nd period - Off-side.
5:31 of 2nd period - Steve Sullivan wins face-off versus Kevin Porter in neutral zone.
5:34 of 2nd period - Slapshot by Duncan Keith.
5:34 of 2nd period - Shot Misses the Net.
6:09 of 2nd period - Alex Pietrangelo is hit by Dustin Penner and loses puck.
6:20 of 2nd period - Alex Pietrangelo is hit by Brian McGrattan and loses puck.
7:22 of 2nd period - Icing by Sergei Shirokov.
7:23 of 2nd period - Steven Stamkos wins face-off versus Sergei Shirokov in Blues zone.
7:24 of 2nd period - Slapshot by Dustin Penner.
7:24 of 2nd period - Shot Misses the Net.
7:26 of 2nd period - Wrist shot by Dustin Penner.
7:26 of 2nd period - Shot Blocked by Alex Pietrangelo.
7:38 of 2nd period - Snap shot by Bobby Ryan.
7:38 of 2nd period - Shot Misses the Net.
7:46 of 2nd period - Wrist shot by Dustin Penner.
7:46 of 2nd period - Shot Blocked by Paul Kariya.
8:19 of 2nd period - Snap shot by Sergei Shirokov.
8:19 of 2nd period - Stopped by Brian Elliott without a rebound.
8:20 of 2nd period - Nicklas Backstrom wins face-off versus Ryan Kesler in Penguins zone.
8:29 of 2nd period - Snap shot by Simon Gagné.
8:29 of 2nd period - Shot Blocked by Darren Reid.
8:37 of 2nd period - Snap shot by Darren Reid.
8:37 of 2nd period - Stopped by Brian Elliott with a rebound.
9:17 of 2nd period - Slapshot by Lasse Kukkonen.
9:17 of 2nd period - Shot Blocked by Dion Phaneuf.
9:19 of 2nd period - Wrist shot by Lasse Kukkonen.
9:19 of 2nd period - Deflect By Taylor Pyatt.
9:19 of 2nd period - Shot Misses the Net.
9:19 of 2nd period - Puck is out of play.
9:20 of 2nd period - Ryan Kesler wins face-off versus Nik Antropov in Penguins zone.
9:25 of 2nd period - Snap shot by David Perron.
9:25 of 2nd period - Stopped by Brian Elliott without a rebound.
9:26 of 2nd period - Nik Antropov wins face-off versus Ryan Kesler in Penguins zone.
9:41 of 2nd period - Wrist shot by Simon Gagné.
9:41 of 2nd period - Stopped by Tuukka Rask without a rebound.
9:42 of 2nd period - Steven Stamkos wins face-off versus Nicklas Backstrom in Blues zone.
9:45 of 2nd period - Snap shot by Bobby Ryan.
9:45 of 2nd period - Stopped by Tuukka Rask with a rebound.
9:47 of 2nd period - Slapshot by Sean Zimmerman.
9:47 of 2nd period - Shot Misses the Net.
9:49 of 2nd period - Wrist shot by Bobby Ryan.
9:49 of 2nd period - Shot Misses the Net.
9:51 of 2nd period - Slapshot by Dion Phaneuf.
9:51 of 2nd period - Deflect By Steven Stamkos.
9:51 of 2nd period - Shot Misses the Net.
9:51 of 2nd period - Puck is out of play.
9:52 of 2nd period - Steven Stamkos wins face-off versus Guillaume Latendresse in Blues zone.
9:55 of 2nd period - Wrist shot by Steven Stamkos.
9:55 of 2nd period - Stopped by Tuukka Rask without a rebound.
9:56 of 2nd period - Ryan Kesler wins face-off versus Nik Antropov in Blues zone.
10:29 of 2nd period - Wrist shot by Nik Antropov.
10:29 of 2nd period - Stopped by Brian Elliott without a rebound.
10:30 of 2nd period - Nicklas Backstrom wins face-off versus Steven Stamkos in Penguins zone.
10:36 of 2nd period - Minor Penalty to Bobby Ryan for Interference.
10:37 of 2nd period - Nik Antropov wins face-off versus Ryan Kesler in Penguins zone.
10:37 of 2nd period - Snap shot by Alex Pietrangelo.
10:37 of 2nd period - Stopped by Brian Elliott with a rebound.
12:36 of 2nd period - Penalty to Bobby Ryan is over, Bobby Ryan is back on ice.
13:06 of 2nd period - Wrist shot by Kevin Porter.
13:06 of 2nd period - Shot Misses the Net.
14:01 of 2nd period - Lasse Kukkonen is hit by Brian McGrattan and loses puck.
14:18 of 2nd period - Steven Stamkos is hit by Kevin Porter and loses puck.
14:56 of 2nd period - Backhand shot by Simon Gagné.
14:56 of 2nd period - Shot Misses the Net.
15:10 of 2nd period - Cody Franson is hit by Ladislav Nagy and loses puck.
15:15 of 2nd period - Snap shot by Ladislav Nagy.
15:15 of 2nd period - Shot Misses the Net.
15:29 of 2nd period - Dustin Penner is hit by Paul Kariya and loses puck.
15:41 of 2nd period - Minor Penalty to Bryce Lampman for Tripping.
15:42 of 2nd period - Ryan Kesler wins face-off versus Nik Antropov in Blues zone.
17:24 of 2nd period - Duncan Keith is hit by Nicklas Backstrom and loses puck.
17:41 of 2nd period - Penalty to Bryce Lampman is over, Bryce Lampman is back on ice.
17:53 of 2nd period - Slapshot by Steve Sullivan.
17:53 of 2nd period - Stopped by Tuukka Rask without a rebound.
17:54 of 2nd period - Nicklas Backstrom wins face-off versus Oleg Kvasha in Blues zone.
18:16 of 2nd period - Icing by Nicklas Backstrom.
18:17 of 2nd period - Denis Arkhipov wins face-off versus Nicklas Backstrom in Blues zone.
19:28 of 2nd period - Wrist shot by Nicklas Backstrom.
19:28 of 2nd period - Stopped by Brian Elliott with a rebound.
19:30 of 2nd period - Slapshot by Drew Fata.
19:30 of 2nd period - Stopped by Brian Elliott without a rebound.
19:31 of 2nd period - Joe Pavelski wins face-off versus Ryan Kesler in Penguins zone.
19:40 of 2nd period - David Perron is hit by Duncan Keith and loses puck.
19:57 of 2nd period - Bryce Lampman is hit by Oleg Kvasha and loses puck.
Goals for this period are 1 for Penguins vs 0 for Blues.
Shots for this period are 6 for Penguins vs 7 for Blues.
3rd period
0:01 of 3rd period - Ryan Kesler wins face-off versus Nik Antropov in neutral zone.
0:03 of 3rd period - Off-side.
0:04 of 3rd period - Nik Antropov wins face-off versus Ryan Kesler in neutral zone.
0:20 of 3rd period - Slapshot by Ryan Kesler.
0:20 of 3rd period - Stopped by Tuukka Rask with a rebound.
0:34 of 3rd period - Snap shot by Nicklas Backstrom.
0:34 of 3rd period - Stopped by Brian Elliott with a rebound.
1:10 of 3rd period - Lee Stempniak is hit by Denis Arkhipov and loses puck.
1:18 of 3rd period - Off-side.
1:19 of 3rd period - Ryan Kesler wins face-off versus Nik Antropov in neutral zone.
1:33 of 3rd period - Wrist shot by Nathan Horton.
1:33 of 3rd period - Shot Blocked by Nik Antropov.
1:35 of 3rd period - Slapshot by Brendan Smith.
1:35 of 3rd period - Shot Misses the Net.
2:10 of 3rd period - Wrist shot by Nicklas Backstrom.
2:10 of 3rd period - Shot Blocked by Brendan Smith.
2:12 of 3rd period - Slapshot by Drew Fata.
2:12 of 3rd period - Shot Blocked by Steven Stamkos.
2:14 of 3rd period - Slapshot by Jake Gardiner.
2:14 of 3rd period - Stopped by Brian Elliott without a rebound.
2:15 of 3rd period - Nik Antropov wins face-off versus Simon Gagné in Penguins zone.
2:26 of 3rd period - Bryce Lampman is hit by Dion Phaneuf and loses puck.
2:50 of 3rd period - Slapshot by Alex Pietrangelo.
2:50 of 3rd period - Stopped by Brian Elliott with a rebound.
3:00 of 3rd period - Wrist shot by Nicklas Backstrom.
3:00 of 3rd period - Stopped by Brian Elliott without a rebound.
3:01 of 3rd period - Nicklas Backstrom wins face-off versus Denis Arkhipov in Penguins zone.
3:12 of 3rd period - Wrist shot by Guillaume Latendresse.
3:12 of 3rd period - Stopped by Brian Elliott without a rebound.
3:13 of 3rd period - Ryan Kesler wins face-off versus Nik Antropov in Penguins zone.
3:13 of 3rd period - Ryan Kesler is hit by Nik Antropov.
3:58 of 3rd period - Minor Penalty to Darren Reid for Tripping.
3:59 of 3rd period - Ryan Kesler wins face-off versus Nik Antropov in Blues zone.
4:04 of 3rd period - Snap shot by Simon Gagné.
4:04 of 3rd period - Deflect By Nathan Horton.
4:04 of 3rd period - Shot Misses the Net.
4:04 of 3rd period - Puck is out of play.
4:05 of 3rd period - Nik Antropov wins face-off versus Ryan Kesler in Blues zone.
4:36 of 3rd period - Slapshot by Sergei Shirokov.
4:36 of 3rd period - Stopped by Brian Elliott without a rebound.
4:37 of 3rd period - Ryan Kesler wins face-off versus Tyler Arnason in Penguins zone.
4:37 of 3rd period - Ryan Kesler is hit by Drew Fata.
4:47 of 3rd period - Snap shot by Ryan Kesler.
4:47 of 3rd period - Deflect By Nathan Horton.
4:47 of 3rd period - Stopped by Tuukka Rask without a rebound.
4:48 of 3rd period - Nik Antropov wins face-off versus Ryan Kesler in Blues zone.
5:58 of 3rd period - Penalty to Darren Reid is over, Darren Reid is back on ice.
6:11 of 3rd period - Wrist shot by Nicklas Backstrom.
6:11 of 3rd period - Goal by Nicklas Backstrom - Penguins : 1 - Blues : 2.
6:12 of 3rd period - Ryan Kesler wins face-off versus Nicklas Backstrom in neutral zone.
6:19 of 3rd period - Snap shot by Ryan Kesler.
6:19 of 3rd period - Shot Misses the Net.
6:37 of 3rd period - Bryce Lampman is hit by Dion Phaneuf and loses puck.
6:55 of 3rd period - Icing by Dustin Penner.
6:56 of 3rd period - Oleg Kvasha wins face-off versus Tyler Arnason in Penguins zone.
7:07 of 3rd period - Dion Phaneuf is hit by Sergei Shirokov.
8:07 of 3rd period - Slapshot by Steve Sullivan.
8:07 of 3rd period - Shot Misses the Net.
8:15 of 3rd period - Slapshot by Steve Sullivan.
8:15 of 3rd period - Stopped by Tuukka Rask with a rebound.
8:28 of 3rd period - Off-side.
8:29 of 3rd period - Nik Antropov wins face-off versus Ryan Kesler in neutral zone.
8:32 of 3rd period - Wrist shot by Joe Pavelski.
8:32 of 3rd period - Shot Misses the Net.
8:36 of 3rd period - Wrist shot by Nik Antropov.
8:36 of 3rd period - Stopped by Brian Elliott without a rebound.
8:37 of 3rd period - Ryan Kesler wins face-off versus Nik Antropov in Penguins zone.
8:50 of 3rd period - Wrist shot by Simon Gagné.
8:50 of 3rd period - Deflect By Nathan Horton.
8:50 of 3rd period - Stopped by Tuukka Rask without a rebound.
8:51 of 3rd period - Ryan Kesler wins face-off versus Nik Antropov in Blues zone.
9:04 of 3rd period - Slapshot by Joe Pavelski.
9:04 of 3rd period - Stopped by Brian Elliott with a rebound.
9:06 of 3rd period - Slapshot by Bryce Lampman.
9:06 of 3rd period - Shot Blocked by Sean Zimmerman.
9:16 of 3rd period - Guillaume Latendresse is hit by Sean Zimmerman and loses puck.
10:25 of 3rd period - Icing by Duncan Keith.
10:26 of 3rd period - Nicklas Backstrom wins face-off versus Ryan Kesler in Penguins zone.
10:37 of 3rd period - Snap shot by Ryan Kesler.
10:37 of 3rd period - Stopped by Tuukka Rask with a rebound.
10:39 of 3rd period - Slapshot by Simon Gagné.
10:39 of 3rd period - Stopped by Tuukka Rask without a rebound.
10:40 of 3rd period - Nik Antropov wins face-off versus Ryan Kesler in Blues zone.
10:48 of 3rd period - Joe Pavelski is hit by Simon Gagné and loses puck.
10:55 of 3rd period - Wrist shot by Ryan Kesler.
10:55 of 3rd period - Stopped by Tuukka Rask with a rebound.
12:08 of 3rd period - Snap shot by Joe Pavelski.
12:08 of 3rd period - Stopped by Brian Elliott with a rebound.
12:10 of 3rd period - Snap shot by Bryce Lampman.
12:10 of 3rd period - Goal by Bryce Lampman - Penguins : 1 - Blues : 3.
12:11 of 3rd period - Nik Antropov wins face-off versus Ryan Kesler in neutral zone.
12:37 of 3rd period - Steven Stamkos is hit by Darren Reid.
13:30 of 3rd period - Slapshot by Ladislav Nagy.
13:30 of 3rd period - Deflect By Denis Arkhipov.
13:30 of 3rd period - Stopped by Tuukka Rask without a rebound.
13:31 of 3rd period - Ryan Kesler wins face-off versus Nik Antropov in Blues zone.
13:32 of 3rd period - Snap shot by Nathan Horton.
13:32 of 3rd period - Shot Misses the Net.
14:58 of 3rd period - Snap shot by Simon Gagné.
14:58 of 3rd period - Shot Misses the Net.
15:00 of 3rd period - Slapshot by Nathan Horton.
15:00 of 3rd period - Stopped by Tuukka Rask with a rebound.
15:02 of 3rd period - Snap shot by Ryan Kesler.
15:02 of 3rd period - Shot Blocked by Alex Pietrangelo.
15:04 of 3rd period - Snap shot by Nathan Horton.
15:04 of 3rd period - Shot Blocked by Nik Antropov.
15:40 of 3rd period - Slapshot by Alex Pietrangelo.
15:40 of 3rd period - Deflect By Tyler Arnason.
15:40 of 3rd period - Stopped by Brian Elliott without a rebound.
15:41 of 3rd period - Tyler Arnason wins face-off versus Oleg Kvasha in Penguins zone.
16:06 of 3rd period - Ryan Kesler is hit by Darren Reid and loses puck.
16:33 of 3rd period - Slapshot by Steven Stamkos.
16:33 of 3rd period - Stopped by Tuukka Rask with a rebound.
16:35 of 3rd period - Wrist shot by Dustin Penner.
16:35 of 3rd period - Deflect By Steven Stamkos.
16:35 of 3rd period - Stopped by Tuukka Rask with a rebound.
16:37 of 3rd period - Wrist shot by Bobby Ryan.
16:37 of 3rd period - Shot Blocked by Taylor Pyatt.
17:27 of 3rd period - Wrist shot by Nicklas Backstrom.
17:27 of 3rd period - Stopped by Brian Elliott without a rebound.
17:28 of 3rd period - Ryan Kesler wins face-off versus Paul Kariya in Penguins zone.
18:12 of 3rd period - Minor Penalty to Brooks Orpik for Holding.
18:13 of 3rd period - Ryan Kesler wins face-off versus David Perron in Penguins zone.
18:25 of 3rd period - Snap shot by David Perron.
18:25 of 3rd period - Stopped by Brian Elliott with a rebound.
18:27 of 3rd period - Slapshot by Lasse Kukkonen.
18:27 of 3rd period - Shot Misses the Net.
18:29 of 3rd period - Wrist shot by Cody Franson.
18:29 of 3rd period - Shot Misses the Net.
19:22 of 3rd period - Slapshot by Dustin Penner.
19:22 of 3rd period - Stopped by Tuukka Rask without a rebound.
19:23 of 3rd period - Nicklas Backstrom wins face-off versus Dustin Penner in Blues zone.
Goals for this period are 0 for Penguins vs 2 for Blues.
Shots for this period are 12 for Penguins vs 14 for Blues.
Back to the Top